 Dungeon Crawl Stone Soup version 0.30-a0-1103-g25895a7845 (webtiles) character file.

Game seed: 9873583755762723866

256 dialectric the Slasher (level 5, -2/41 HPs)
             Began as a Demonspawn Fighter on Apr 18, 2023.
             Was a Follower of Qazlal.
             Slain by an orc
             ... wielding a +0 mace
              (3 damage)
             ... on level 5 of the Dungeon.
             The game lasted 00:04:35 (3676 turns).

dialectric the Slasher (Demonspawn Fighter)         Turns: 3676, Time: 00:04:36

Health: -2/41      AC:  7    Str: 16    XL:     5   Next: 92%
Magic:  5/5        EV: 10    Int: 10    God:    Qazlal [*.....]
Gold:   200        SH:  1    Dex: 14    Spells: 4/4 levels left

rFire   . . .      SeeInvis .    a - +0 long sword
rCold   . . .      Faith    .    (no shield)
rNeg    . . .      Spirit   .    b - +0 scale mail
rPois   .          Reflect  .    (no helmet)
rElec   .          Rampage  .    (no cloak)
rCorr   .                        (no gloves)
Will    .....                    (no boots) Stlth
                                 (no amulet)
HPRegen 0.26/turn                (no ring)
MPRegen 0.09/turn                (no ring)

@: mighty, lethally poisoned (-2 -> -3)
A: hooves 1, powered by pain 1
a: Renounce Religion


You were on level 5 of the Dungeon.
You worshipped Qazlal.
Qazlal was aware of your devotion.
You visited 1 branch of the dungeon, and saw 5 of its levels.

You collected 200 gold pieces.

Inventory:

Hand Weapons
 a - a +0 long sword (weapon)
Missiles
 o - 4 datura-tipped darts
 p - 5 poisoned darts (quivered)
Armour
 b - a +0 scale mail (worn)
 c - a +0 buckler
 s - a +0 chain mail
Jewellery
 m - an amulet of regeneration
Scrolls
 g - 3 scrolls of torment {unknown}
 h - 2 scrolls of teleportation {unknown}
 i - 2 scrolls of brand weapon {unknown}
 j - 7 scrolls of identify {unknown}
 k - a scroll of immolation {unknown}
 q - a scroll of enchant armour {unknown}
Potions
 d - a potion of might
 e - a potion of heal wounds {unknown}
 f - 3 potions of degeneration {unknown}
 l - a potion of flight {unknown}
 n - 4 potions of lignification {unknown}
 r - 2 potions of haste {unknown}


   Skills:
 - Level 3.2 Fighting
 + Level 4.4 Long Blades
 + Level 3.7 Armour
 + Level 1.6 Dodging
 - Level 0.2 Stealth
 - Level 2.6 Shields


You had 4 spell levels left.
You didn't know any spells.
Your spell library contained the following spells:

 Spells                   Type           Power      Damage    Failure   Level
 Beastly Appendage        Tmut           0%         N/A       78%         1
 Wereblood                Tmut           0%         N/A       89%         2
 Ozocubu's Armour         Ice            0%         N/A       98%         3
 Spider Form              Tmut/Pois      0%         N/A       98%         3
 Metabolic Englaciation   Hex/Ice        0%         N/A       100%        5
 Simulacrum               Ice/Necr       0%         N/A       100%        6


Dungeon Overview and Level Annotations

Branches:
Dungeon (5/15)
 Temple: D:4-7

Altars:
Ashenzari
Cheibriados
Nemelex Xobeh
Okawaru
Qazlal
Uskayaw

Annotations:
D:5 Sigmund


Innate Abilities, Weirdness & Mutations

You have large cloven feet.
You sometimes gain a little power by taking damage.


Message History

You kick the orc priest, but do no damage.
The orc priest is severely wounded.
An orc comes into view. It is wielding a +0 mace.
The orc priest begins to cast a cantrip, but forgets the words!
You barely miss the orc priest.
The orc priest is severely wounded.
The orc shouts!
You hear a shout!
The orc priest hits you with a +0 hand axe.
The orc closely misses you. The orc barely misses you.
The orc priest hits you with a +0 hand axe.
The orc hits you but does no damage.
You are poisoned.
You block the orc's attack.
You are too injured to fight recklessly!
Unknown command.
You completely miss the orc priest. You kick the orc priest.
You kill the orc priest!
Qazlal accepts your kill.
You feel very sick. The orc barely misses you. The orc closely misses you.
You hit the orc but do no damage.
You feel sick. The orc barely misses you. The orc closely misses you.
You hit the orc. You kick the orc.
You kill the orc!
Qazlal accepts your kill.
You feel sick. The orc hits you with a +0 whip.
You feel sick. The orc hits you with a +0 whip.
* * * LOW HITPOINT WARNING * * *
Things that are here:
a +0 flail of venom; a +0 ring mail You barely miss the orc.
Your kick misses the orc.
You feel sick. You block the orc's attack. The orc misses you.
Unknown command.
The orc attacks as you move away! The orc hits you with a +0 mace.
* * * LOW HITPOINT WARNING * * *
x2 You feel sick.
The orc hits you but does no damage.
There is an escape hatch in the ceiling here.
* * * LOW HITPOINT WARNING * * *
You feel sick. The orc hits you with a +0 mace.
You die...

#### ######## ##..#
##....#.## #...##
#........# ###....##
#........# #......<#
##......# ###.....#
#...☼...##..........#
#...o@..............#
##.)o................
##(.....#..##........
..(..#..#####....####
#..(..#..# #..#.
#...?@...# #(...
......##.. .@...
....#..# ...


You could see Sigmund and 2 orcs.

Vanquished Creatures
  A jelly (D:4)
  An orc priest (D:5)
  An iguana (D:2)
  A sleepcap (D:4)
  A mummy (D:4)
  3 adders
  4 dart slugs
  2 worms
  5 orcs
  3 ball pythons
  8 bats
  7 endoplasms
  3 giant cockroaches (D:2)
  10 goblins
  4 hobgoblins
  14 jackals
  6 kobolds
  A quokka (D:4)
  5 frilled lizards
  4 rats
84 creatures vanquished.

Notes
Turn   | Place    | Note
-------+----------+-------------------------------------------
     0 | D:1      | dialectric the Demonspawn Fighter began the quest for the
                  | Orb.
     0 | D:1      | Reached XP level 1. HP: 18/18 MP: 1/1
    40 | D:1      | Reached skill level 2 in Long Blades
    90 | D:1      | Gained mutation: You sometimes gain a little power by
                  | taking damage. [demonic ancestry]
    90 | D:1      | Reached XP level 2. HP: 22/24 MP: 2/2
   804 | D:2      | Reached XP level 3. HP: 20/29 MP: 3/3
   873 | D:2      | Reached skill level 1 in Dodging
   930 | D:2      | Found a stormy altar of Qazlal.
   951 | D:2      | Became a worshipper of Qazlal Stormbringer
  1021 | D:2      | Reached skill level 3 in Long Blades
  1021 | D:2      | Reached XP level 4. HP: 8/35 MP: 4/4
  2002 | D:3      | Found a hide-covered altar of Uskayaw.
  2152 | D:4      | Gained mutation: You have large cloven feet. [demonic
                  | ancestry]
  2152 | D:4      | Reached XP level 5. HP: 39/41 MP: 5/5
  2177 | D:4      | Noticed an angel
  2420 | D:4      | Found a broken altar of Ashenzari.
  2430 | D:4      | Found a sparkling altar of Nemelex Xobeh.
  2454 | D:4      | Found an iron altar of Okawaru.
  2480 | D:4      | Identified the +7 dagger "Impbane" {drain, Dex+6 Stlth+}
  2500 | D:4      | Reached skill level 4 in Long Blades
  2797 | D:4      | Reached * piety under Qazlal
  2887 | D:4      | Found a snail-covered altar of Cheibriados.
  3087 | D:5      | Entered Level 5 of the Dungeon
  3087 | D:5      | Noticed an ogre
  3308 | D:3      | Noticed a +0 dagger
  3308 | D:3      | Noticed a +0 dagger
  3329 | D:3      | Found a faded altar of an unknown god.
  3560 | D:5      | Noticed Sigmund
  3675 | D:5      | HP: 2/41 [orc/+0 mace (5)]
  3676 | D:5      | Slain by an orc

Illustrated notes

Levels and vault maps discovered:
D:1:      tarquinn_simple_flora_water_d, layout_loops_ring
D:2:      layout_basic, basic_altar
D:3:      layout_basic, dancing_weapons_uskayaw, lemuel_crystal_altar,
          shapermc_ecumenical_altar_mp_highgroup, dk_noncrumbling_3,
          hangedman_decor_opposing
D:4:      layout_gridville, zin_angel, okawaru_ov_weapons_minmay, slow_altar_2,
          mainiacjoe_overflow_big_doors
D:5:      minmay_spotlight, layout_cave_pools, minmay_misc_feat_x,
          lexackson_kobold_supper, uniq_sigmund, uniq_ijyb

Skill      XL: |  1  2  3  4  5 |
---------------+----------------+-----
Long Blades    | 2 3 4 |  4.4
Armour         | 3 |  3.7
Dodging        | 1 |  1.6
Fighting       | |  3.2
Stealth        | |  0.2
Shields        | |  2.6

Action                     |  1- 3 |  4- 6 || total
---------------------------+-------+-------++-------
  Melee: Long sword        |   111 |   142 ||   253
         Punch             |     1 |     1 ||     2
         Kick              |       |    28 ||    28
  Throw: Dart              |       |     5 ||     5
    Use: Potion            |       |     1 ||     1
 Armour: Scale mail        |    60 |    73 ||   133
  Dodge: Dodged            |    64 |    77 ||   141
  Block: Other             |       |     3 ||     3

Table legend: (Time is in decaauts)
 A = Elapsed time spent in this place.
 B = Non-inter-level travel time spent in this place.
 C = Inter-level travel time spent in this place.
 D = Time resting spent in this place.
 E = Time spent auto-exploring this place.
 F = Levels seen in this place.
 G = Mean time per level.
                   A        B        C        D        E       F      G
               +--------+--------+--------+--------+--------+-----+--------+
         Total |   3739 |   3517 |    222 |    147 |   2701 |   5 |  747.8 |
       Dungeon |   3739 |   3517 |    222 |    147 |   2701 |   5 |  747.8 |
               +--------+--------+--------+--------+--------+-----+--------+

Top non-repeatable levels by time:
     D:4: 1283 daAuts
     D:2: 963 daAuts
     D:1: 813 daAuts
     D:3: 643 daAuts
     D:5: 35 daAuts
